 Dungeon Crawl Stone Soup version 0.28-a0-1510-gd0f6b136d3 (webtiles) character file.

Game seed: 7185166844758658047

346 oldriver the Skirmisher (level 6, -3/56 HPs)
             Began as a Ghoul Chaos Knight on Jan 14, 2022.
             Was a Plaything of Xom.
             Slain by an ogre (13 damage)
             ... on level 4 of the Dungeon.
             The game lasted 00:02:51 (4174 turns).

oldriver the Skirmisher (Ghoul Chaos Knight)        Turns: 4174, Time: 00:02:51

Health: -3/56      AC:  5    Str: 18    XL:     6   Next: 59%
Magic:  5/5        EV: 12    Int:  7    God:    Xom [....*.]
Gold:   90         SH:  0    Dex:  8    Spells: 5/5 levels left

rFire   . . .      SeeInvis .   a - +0 hand axe (chaos)
rCold   + . .      Faith    .   (no shield)
rNeg    + + +      Spirit   .   b - +2 leather armour
rPois   ∞          Reflect  .   (no helmet)
rElec   .          Harm     .   (no cloak)
rCorr   .          Rampage  .   (no gloves)
Will    .....                   (no boots)
Stlth   +.........              (no amulet)
HPRegen 0.00/turn               (no ring)
MPRegen 0.09/turn               (no ring)

@: cleaving, inhibited regen
A: claws 1, cold resistance 1, negative energy resistance 3, inhibited
regeneration, torment resistance 2
a: Renounce Religion


You were on level 4 of the Dungeon.
You worshipped Xom.
You were a beloved toy of Xom.
You visited 1 branch of the dungeon, and saw 4 of its levels.

You collected 90 gold pieces.

Inventory:

Hand Weapons
 a - a +0 hand axe of chaos (weapon)
Armour
 b - a +2 leather armour (worn)
Scrolls
 e - a scroll of enchant weapon {unknown}
 f - a scroll of blinking {unknown}
 h - 2 scrolls of teleportation {unknown}
 i - a scroll of identify
 j - a scroll of acquirement {unknown}
 m - a scroll of enchant armour
Potions
 c - a potion of mutation {unknown}
 d - 2 potions of brilliance {unknown}
 g - 6 potions of curing {unknown}
 k - a potion of might {unknown}
 n - a potion of haste {unknown}


   Skills:
 + Level 5.2 Fighting
 + Level 4.3 Axes
 - Level 1.7 Armour
 + Level 3.4 Dodging


You had 5 spell levels left.
You didn't know any spells.
Your spell library contained the following spells:

 Spells                   Type           Power      Damage    Failure   Level
 Ensorcelled Hibernation  Hex/Ice        0%         N/A       63%         2
 Ozocubu's Armour         Ice            0%         N/A       86%         3
 Anguish                  Hex/Necr       0%         N/A       99%         4
 Hailstorm                Conj/Ice       0%         3d3       99%         4
 Simulacrum               Ice/Necr       0%         N/A       100%        6
 Ozocubu's Refrigeration  Ice            0%         4d5       100%        7
 Spider Form              Tmut/Pois      Unusable   N/A       N/A         3
 Ice Form                 Ice/Tmut       Unusable   N/A       N/A         4

Dungeon Overview and Level Annotations

Branches:
Dungeon (4/15)
 Temple: D:4-7

Altars:
Okawaru
Xom


Innate Abilities, Weirdness & Mutations

You thrive by killing the living.
You are immune to poison.
You have sharp fingernails.
Your flesh is cold resistant. (rC+)
You are immune to negative energy. (rN+++)
You do not regenerate when monsters are visible.
You are immune to unholy pain and torment.


Message History

An adder skeleton is nearby!
You slash the adder skeleton! You burn the adder skeleton.
The adder skeleton is severely damaged.
The adder skeleton barely misses you.
You slash the adder skeleton!
You destroy the adder skeleton!
No target in view!
No target in view!
No target in view!
i - a scroll of identify An ogre comes into view.
It is wielding a +0 giant club.
The ogre shouts!
Xom grants you a minor favour.
Your +0 hand axe of chaos looks sharp (like it always does).
An ogre is nearby!
An ogre is nearby!
An ogre is nearby!
The ogre hits you with a +0 giant club!
You hit the ogre.
The ogre is lightly wounded.
The ogre barely misses you.
You barely miss the ogre.
The ogre is lightly wounded.
You hit the ogre.
The ogre easily resists.
The ogre is lightly wounded.
The ogre hits you with a +0 giant club!
You hit the ogre.
The ogre is poisoned.
The ogre is moderately wounded.
The ogre hits you with a +0 giant club!
You barely miss the ogre.
The ogre is moderately wounded.
The ogre hits you with a +0 giant club!
* * * LOW HITPOINT WARNING * * *
You hit the ogre. You burn the ogre.
The ogre is heavily wounded.
The ogre closely misses you.
You barely miss the ogre.
The ogre is severely wounded.
The ogre hits you with a +0 giant club!
You die...

##### ....######## # #.#.........
.#### #.#.######## ....# #.#.#
#...# #.#.# #...# ### #.#.# #...#
#.. #.#.# #O..# #.. #.#.# #@..#
####.. #.#.#####
#...#########<##.. #.#.##..#
#...#........'###. #.#.##.##
#...########...).. #.#.##.# #...#
#...... #.#.##.# #...# #...)..
#.#.'..# #...# #...... ....####
#...# #......
....############...########÷.....


You could see an ogre (very poisoned).

Vanquished Creatures
  Menkaure (D:4)
  An iguana (D:4)
  2 orc wizards (D:4)
  6 gnolls
  An adder (D:4)
  3 adder skeletons (D:4)
  A worm (D:3)
  2 dart slugs (D:1)
  5 orcs
  6 bats (D:1)
  An endoplasm (D:4)
  4 giant cockroaches
  4 goblins
  5 hobgoblins
  7 jackals (D:3)
  5 kobolds
  A quokka (D:1)
  4 ball pythons
  4 frilled lizards (D:2)
  6 rats
69 creatures vanquished.

Vanquished Creatures (others)
  An adder (D:2)
1 creature vanquished.

Grand Total: 70 creatures vanquished

Notes
Turn   | Place    | Note
-------+----------+-------------------------------------------
     0 | D:1      | oldriver the Ghoul Chaos Knight began the quest for the
                  | Orb.
     0 | D:1      | Reached XP level 1. HP: 19/19 MP: 0/0
    76 | D:1      | Reached skill level 1 in Dodging
   282 | D:1      | Reached XP level 2. HP: 24/26 MP: 1/1
   328 | D:1      | XOM: silly message
   598 | D:1      | XOM: silly message
   745 | D:1      | Reached XP level 3. HP: 23/33 MP: 2/2
   967 | D:1      | XOM: noise
   993 | D:1      | XOM: noise
  1045 | D:1      | Noticed a glowing shapeshifter
  1045 | D:1      | an adder changed into a glowing shapeshifter
  1045 | D:1      | Noticed an anaconda
  1045 | D:1      | a glowing shapeshifter changed into an anaconda
  1047 | D:1      | XOM: summons 3 friendly demons
  1048 | D:1      | Noticed a catoblepas
  1048 | D:1      | an anaconda changed into a catoblepas
  1049 | D:1      | Noticed a boulder beetle
  1049 | D:1      | a catoblepas changed into a boulder beetle
  1051 | D:1      | Noticed a broodmother
  1051 | D:1      | a boulder beetle changed into a broodmother
  1056 | D:1      | Noticed an orb spider
  1056 | D:1      | Noticed a tarantella
  1067 | D:1      | XOM: divination: detect creatures
  1512 | D:1      | Noticed a swamp dragon
  1518 | D:1      | Noticed a manticore
  1536 | D:2      | XOM: stealth player
  1602 | D:2      | Found an iron altar of Okawaru.
  1621 | D:2      | XOM: divine lightning
  1658 | D:2      | XOM: cloud trail
  1823 | D:2      | Found a faded altar of an unknown god.
  2089 | D:3      | XOM: 4-stop teleportation journey
  2434 | D:3      | Reached skill level 4 in Fighting
  2692 | D:3      | Reached XP level 4. HP: 40/40 MP: 3/3
  2893 | D:3      | XOM: scenery: create altars
  3414 | D:4      | Reached XP level 5. HP: 20/47 MP: 4/4
  3574 | D:4      | XOM: 2-stop teleportation journey
  3656 | D:4      | Noticed Menkaure
  3663 | D:4      | XOM: cleaving
  3677 | D:4      | Killed Menkaure
  3678 | D:4      | Reached skill level 5 in Fighting
  3678 | D:4      | Reached XP level 6. HP: 27/56 MP: 5/5
  4083 | D:4      | XOM: scenery: summon butterflies
  4164 | D:4      | XOM: cleaving
  4174 | D:4      | Slain by an ogre

Illustrated notes

Levels and vault maps discovered:
D:1:      lightli_arrival_isolated_outpost, layout_loops_corners,
          chequers_serial_rivers_small_b, grunt_decor_resistance,
          minmay_liquid_box
D:2:      layout_rooms, shapermc_ecumenical_altar_ellora, basic_altar,
          minmay_tetromino_l2
D:3:      layout_basic
D:4:      layout_basic, serial_co_window_serial, co_window_cross_1,
          co_window_corner_a, co_window_corner_a, co_window_paths_a,
          co_window_paths_b, co_window_paths_a, co_window_corner_a,
          co_window_broadway_a, co_window_paths_c, co_window_broadway_a,
          co_window_paths_d, co_window_4corner_a, glass_columns_a,
          glass_columns_b, glass_columns_a, glass_columns_a, glass_columns_a,
          uniq_menkaure

Skill      XL: |  1  2  3  4  5 |
---------------+----------------+-----
Dodging        | 1 2 3 |  3.4
Axes           | 3 4 |  4.3
Fighting       | 4 5 |  5.2
Armour         | |  1.7

Action                   |  1- 3 |  4- 6 || total
-------------------------+-------+-------++-------
Melee: Hand axe          |   160 |    77 ||   237
       Punch             |     2 |     2 ||     4
  Use: Scroll            |       |     2 ||     2
 Stab: Sleeping          |     1 |       ||     1
Armor: Leather armour    |    84 |    22 ||   106
Dodge: Dodged            |   137 |    57 ||   194

Table legend: (Time is in decaauts)
 A = Elapsed time spent in this place.
 B = Non-inter-level travel time spent in this place.
 C = Inter-level travel time spent in this place.
 D = Time resting spent in this place.
 E = Time spent auto-exploring this place.
 F = Levels seen in this place.
 G = Mean time per level.
                   A        B        C        D        E       F      G
               +--------+--------+--------+--------+--------+-----+--------+
         Total |   4215 |   4074 |    141 |    812 |   2655 |   4 | 1053.8 |
       Dungeon |   4215 |   4074 |    141 |    812 |   2655 |   4 | 1053.8 |
               +--------+--------+--------+--------+--------+-----+--------+

Top non-repeatable levels by time:
     D:1: 1556 daAuts
     D:3: 1247 daAuts
     D:4: 915 daAuts
     D:2: 496 daAuts
